 Dungeon Crawl Stone Soup version 0.30-a0-3-gc9032a9cac (webtiles) character file.

Game seed: 17171759250419046520

2 Glokmah the Charlatan (level 1, 0/15 HPs)
             Began as a Human Artificer on Aug 20, 2022.
             Slain by a ball python (2 damage)
             ... on level 1 of the Dungeon.
             The game lasted 00:00:59 (127 turns).

Glokmah the Charlatan (Human Artificer)              Turns: 127, Time: 00:01:00

Health: 0/15       AC:  3    Str: 12    XL:     1   Next: 33%
Magic:  1/1        EV:  8    Int: 11    God:
Gold:   0          SH:  0    Dex: 13    Spells: 0/0 levels left

rFire   . . .      SeeInvis .    a - +0 club
rCold   . . .      Faith    .    (no shield)
rNeg    . . .      Spirit   .    b - +0 leather armour
rPois   .          Reflect  .    (no helmet)
rElec   .          Harm     .    (no cloak)
rCorr   .          Rampage  .    (no gloves)
Will    .....                    (no boots)
Stlth   +.........               (no amulet)
HPRegen 0.05/turn                (no ring)
MPRegen 0.07/turn                (no ring)

@: constricted
A: no striking features
a: no special abilities


You were on level 1 of the Dungeon.
You visited 1 branch of the dungeon, and saw 1 of its levels.

Inventory:

Hand Weapons
 a - a +0 club (weapon)
Armour
 b - a +0 leather armour (worn)
Wands
 c - a wand of flame (12) (quivered)
 d - a wand of charming (15)
 e - a wand of iceblast (5)


   Skills:
 * Level 1.1 Fighting
 - Level 2.0 Armour
 - Level 1.0 Dodging
 - Level 1.0 Stealth
 * Level 3.0 Evocations


You couldn't memorise any spells.
You didn't know any spells.
Your spell library was empty.

Dungeon Overview and Level Annotations

Branches:
Dungeon (1/15)

Altars:


Message History

You closely miss the ball python.
The ball python bites you but does no damage.
The ball python constricts you.
You barely miss the ball python. The ball python bites you.
The ball python constricts you. The ball python closely misses you.
The ball python constricts you.
You hit the ball python.
The ball python is moderately wounded.
The ball python barely misses you. The ball python constricts you.
A ball python comes into view.
The ball python closely misses you. The ball python constricts you.
You closely miss the ball python.
The ball python is moderately wounded.
The ball python barely misses you. The ball python constricts you.
* * * LOW HITPOINT WARNING * * *
You hit the ball python but do no damage.
The ball python barely misses you. The ball python constricts you.
* * * LOW HITPOINT WARNING * * *
The ball python bites you.
* * * LOW HITPOINT WARNING * * *
The ball python constricts you.
Aiming: Throw Flame
Press: ? - help, Q - select action, (/) - cycle Shift-Dir - straight line, f - ball python
Aim: a ball python (constricting you, 68% to hit)
The puff of flame misses the ball python.
The ball python bites you but does no damage.
The ball python constricts you.
Aiming: Throw Flame
Press: ? - help, Q - select action, (/) - cycle Shift-Dir - straight line, f/p - ball python
Aim: a ball python (constricting you, 68% to hit)
The puff of flame misses the ball python.
The ball python bites you but does no damage.
The ball python constricts you.
The ball python bites you but does no damage.
Aiming: Throw Flame
Press: ? - help, Q - select action, (/) - cycle Shift-Dir - straight line, f/p - ball python
Aim: a ball python (constricting you, 68% to hit)
The puff of flame misses the ball python.
The ball python bites you.
You die...

~~~~~≈~~~≈~~g~~~~~~~
≈≈≈≈≈≈≈≈≈≈≈≈≈≈r≈~≈ ..~
≈≈≈≈≈≈≈≈≈≈≈≈≈≈≈≈~ ..~ #+#
#≈≈≈≈≈≈≈#'#'#≈≈~
?..~≈≈+(..##'###'##...'≈≈~
...~≈≈+...'.......'.†.†≈≈~
...~≈≈#+###.#####.###'#≈≈~
....~~≈≈#...#...#...'≈≈≈≈~
..⌠..~~≈S@⌠.'...###.#≈≈≈≈~
..⌠..~≈~'S⌠.'.<.###.#≈≈≈≈~
....≈~≈≈#...#...#...'≈≈≈≈~
...~~≈#'#'#.#####.###'#≈≈~
...≈≈≈'...#.......#...'≈≈≈
...~≈≈'...##'###'##..>'≈≈~
...~≈≈#'#'#≈≈≈≈≈≈≈#'#'#≈≈≈
...≈≈≈≈≈≈§≈≈≈≈≈≈≈≈≈≈≈≈≈≈≈~
...~≈≈≈≈≈≈≈≈≈≈≈≈≈≈≈≈≈≈≈≈~~


You could see 2 ball pythons.

Vanquished Creatures
  A bat (D:1)
  A frilled lizard (D:1)
2 creatures vanquished.

Notes
Turn   | Place    | Note
-------+----------+-------------------------------------------
     0 | D:1      | Glokmah the Human Artificer began the quest for the Orb.
     0 | D:1      | Reached XP level 1. HP: 15/15 MP: 1/1
   127 | D:1      | Slain by a ball python

Illustrated notes

Levels and vault maps discovered:
D:1:      dpeg_arrival_castle, layout_rooms,
          shapermc_ecumenical_altar_acropolis, minmay_tree_intersection

Action                   || total
-------------------------++-------
Melee: Club              ||    17
Evoke: Wand              ||     3
Armor: Leather armour    ||     9
Dodge: Dodged            ||    17

Table legend: (Time is in decaauts)
 A = Elapsed time spent in this place.
 B = Non-inter-level travel time spent in this place.
 C = Inter-level travel time spent in this place.
 D = Time resting spent in this place.
 E = Time spent auto-exploring this place.
 F = Levels seen in this place.
 G = Mean time per level.
                   A        B        C        D        E       F      G
               +--------+--------+--------+--------+--------+-----+--------+
         Total |    132 |    132 |      0 |      0 |      0 |   1 |  132.0 |
       Dungeon |    132 |    132 |      0 |      0 |      0 |   1 |  132.0 |
               +--------+--------+--------+--------+--------+-----+--------+

Top non-repeatable levels by time:
     D:1: 132 daAuts
